 Dungeon Crawl Stone Soup version 0.18-a0-1797-gc18daef (webtiles) character file.

450 4thArraOfDagon the Firebug (level 6, -12/32 HPs)
             Began as a Deep Elf Fire Elementalist on Apr 22, 2016.
             Mangled by an orc warrior
             ... wielding a +0 war axe
              (16 damage)
             ... on level 7 of the Dungeon.
             The game lasted 00:06:11 (1008 turns).

4thArraOfDagon the Firebug (DEFE)                   Turns: 1008, Time: 00:06:11

Health: -12/32     AC:  2    Str:  5    XL:     6   Next: 74%
Magic:  2/15       EV: 13    Int: 22    God:
Gold:   103        SH:  0    Dex: 15    Spells: 4 memorised, 2 levels left

rFire  . . .     SeeInvis +     (no weapon)
rCold  . . .     Gourm    .     a - +0 robe
rNeg   . . .     Faith    .     (no shield)
rPois  .         Spirit   .     (no helmet)
rElec  .         Dismiss  .     (no cloak)
rCorr  .         Reflect  .     (no gloves)
SustAt .         Harm     .     (no boots)
MR     .....                    g - amulet of regeneration
Stlth  ++........               (no ring)
                                m - ring of see invisible

@: not resistant to hostile enchantments, unstealthy
A: no striking features
a: no special abilities


You were on level 7 of the Dungeon.
You were very hungry.

You visited 2 branches of the dungeon, and saw 8 of its levels.

You collected 103 gold pieces.

Inventory:

Hand Weapons
 h - the +5 flail of Corporal Punishment {antimagic, Dex+2}
   (You found it on level 5 of the Dungeon)

   It disrupts the flow of magical energy around spellcasters and certain
   magical creatures (including the wielder).
   It affects your dexterity (+2).
 i - a +0 dagger
Missiles
 k - 6 steel tomahawks (quivered)
 t - a throwing net
Armour
 a - a +0 robe (worn)
Jewellery
 g - an amulet of regeneration (around neck)
 m - a ring of see invisible (left hand)
Wands
 p - a wand of lightning (10/15)
Scrolls
 d - 2 scrolls of noise
 o - 2 scrolls of random uselessness
 r - a scroll of remove curse {unknown}
 s - a scroll of enchant armour {unknown}
Potions
 e - 2 potions of curing
 q - a potion of might
Books
 b - a book of Flames

   Spells                             Type                      Level
   a - Flame Tongue                   Conjuration/Fire             1
   b - Throw Flame                    Conjuration/Fire             2
   c - Conjure Flame                  Conjuration/Fire             3
   d - Inner Flame                    Hexes/Fire                   3
   e - Sticky Flame                   Conjuration/Fire             4
   f - Fireball                       Conjuration/Fire             5
Comestibles
 c - 2 bread rations
 f - 2 beef jerkies
 j - 5 fruits
 l - 2 meat rations
 n - a slice of pizza


   Skills:
 - Level 2.4 Dodging
 - Level 2.4 Stealth
 + Level 5.1 Spellcasting
 * Level 4.8 Conjurations
 * Level 5.9 Fire Magic


You had 2 spell levels left.
You knew the following spells:

 Your Spells              Type           Power        Failure   Level  Hunger
a - Flame Tongue          Conj/Fire      ####.        1%          1    None
b - Conjure Flame         Conj/Fire      ####....     3%          3    ##.....
c - Sticky Flame          Conj/Fire      ####....     12%         4    ####...
d - Fireball              Conj/Fire      ####......   34%         5    #####..


Dungeon Overview and Level Annotations

Branches:
Dungeon (7/15)             Temple (1/1) D:5

Altars:
Cheibriados
Dithmenos
Gozag
Okawaru
Pakellas
Qazlal
Ru
Xom
The Shining One

Annotations:
D:2 Natasha
D:4 Purgy
D:7 Joseph, Menkaure


Message History

Things that are here:
a sling bullet; a howler monkey corpse Unknown command.
Unknown command.
Unknown command.
An orc comes into view.
The quasit bites you.
* * * LOW HITPOINT WARNING * * *
The quasit claws you but does no damage.
The quasit misses you.
Unknown command.
Unknown command.
Unknown command.
An orc warrior comes into view. It is wielding a war axe.
The orc warrior shouts!
The orc shouts!
The orc throws a silver tomahawk.
The silver tomahawk hits you.
* * * LOW HITPOINT WARNING * * *
The orc warrior hits you with a war axe!
Ouch! That really hurt!
You die...

#.....# #### ..#.....#
...# ..'.....# ...#
#.....######## ...#
#.@.....#....# ...#
#......(#...# ...#
#......(#$..####'#.#
#......5#o...#....S######
#.......@†..o'<...#.h...#
.........#....#....#....<#
...M.....#.#########..h..#
..########.# .........#
..# ....h....# ...#
..S.###### ....# ... .# ..
.


You could see Joseph, an orc warrior, Menkaure, a quasit and an orc.

Vanquished Creatures
  A water moccasin (D:7)
  An ogre (D:5)
  3 howler monkeys (D:7)
  A jelly (D:5)
  An iguana (D:6)
  2 worker ants
  2 adders (D:3)
  A dart slug (D:3)
  An orc (D:6)
  A giant cockroach (D:1)
  2 goblins
  A hobgoblin (D:3)
  2 kobolds
  5 bats
  2 giant newts
  A rat (D:1)
27 creatures vanquished.

Notes
Turn   | Place    | Note
--------------------------------------------------------------
     0 | D:1      | 4thArraOfDagon the Deep Elf Fire Elementalist began the quest for the Orb.
     0 | D:1      | Reached XP level 1. HP: 10/10 MP: 6/6
   140 | D:1      | Reached XP level 2. HP: 15/15 MP: 1/8
   199 | D:2      | Noticed Natasha
   352 | D:4      | Noticed Purgy
   385 | D:3      | Reached XP level 3. HP: 18/19 MP: 5/10
   390 | D:3      | Learned a level 3 spell: Conjure Flame
   394 | D:3      | jacquesderrida: dan
   417 | D:3      | 4thArraOfDagon: hiiii
   434 | D:3      | jacquesderrida: hiiiiiiii
   446 | D:3      | jacquesderrida: deging
   482 | D:4      | jacquesderrida: The meng of the polski realm
   522 | D:5      | Entered Level 5 of the Dungeon
   528 | D:5      | Reached XP level 4. HP: 24/24 MP: 6/11
   534 | D:5      | Learned a level 4 spell: Sticky Flame
   558 | D:5      | Noticed an ogre
   575 | D:5      | Killed an ogre
   575 | D:5      | Reached XP level 5. HP: 28/28 MP: 4/13
   622 | D:5      | Got a scorched flail
   623 | D:5      | Identified the +5 flail of Corporal Punishment {antimagic, Dex+2} (You found it on level 5 of the Dungeon)
   660 | D:5      | Reached skill level 5 in Fire Magic
   690 | D:5      | Found a staircase to the Ecumenical Temple.
   704 | D:5      | Found a sacrificial altar of Ru.
   721 | Temple   | Entered the Ecumenical Temple
   796 | D:6      | Noticed an ice beast
   826 | D:7      | 4thArraOfDagon: they removed veh
   826 | D:7      | 4thArraOfDagon: and sif :(
   830 | D:7      | Noticed a water moccasin
   913 | D:6      | Learned a level 5 spell: Fireball
   965 | D:6      | Noticed a phantom
   996 | D:7      | Killed a water moccasin
   996 | D:7      | Reached skill level 5 in Spellcasting
   996 | D:7      | Reached XP level 6. HP: 12/32 MP: 9/15
  1003 | D:7      | Noticed Joseph
  1003 | D:7      | Found a glowing golden altar of the Shining One.
  1006 | D:7      | Noticed Menkaure
  1008 | D:7      | incide: removed veh?
  1008 | D:7      | Noticed an orc warrior
  1008 | D:7      | Mangled by an orc warrior

Vault maps used:
D:1:      elethiomel_arrival_shortcut
D:2:      lemuel_upstairs_altar, ecumenical_altar_2, serial_park_tiny_1,
          uniq_natasha, uniq_jessica
D:3:      nemelex_xobeh_ov_fountains_minmay, first_bread,
          kennysheep_generic_room_5
D:4:      grunt_temple_overflow_open, marbit_many_paths,
          kennysheep_cross_bottleneck, uniq_purgy
D:5:      kennysheep_mini_moat, minmay_temple_entry_grid, kennysheep_diamond,
          lightli_minifort
D:6:      kiku_gazebo_garden_becter, minmay_gold_behind_fungi
D:7:      grunt_temple_overflow_order_and_chaos_2, kennysheep_little_box,
          kennysheep_mini, basic_altar, uniq_menkaure, uniq_pikel, uniq_joseph
Temple:   nicolae_temple_great_sept

Skill      XL: |  1  2  3  4  5 |
---------------+----------------+-----
Conjurations   | 2 3 4 |  4.8
Fire Magic     | 4 5 |  5.9
Spellcasting   | 4 5 |  5.1
Dodging        | |  2.4
Stealth        | |  2.4

Action                   |  1- 3 |  4- 6 || total
-------------------------+-------+-------++-------
Melee: Unarmed           |    21 |       ||    21
       Dagger            |     7 |       ||     7
 Cast: Flame Tongue      |    31 |    19 ||    50
       Conjure Flame     |     1 |     1 ||     2
       Sticky Flame      |       |     4 ||     4
  Use: Scroll            |     1 |     5 ||     6
       Potion            |       |     1 ||     1
Armor: Robe              |    16 |     2 ||    18
Dodge: Dodged            |    35 |     8 ||    43
